 Dungeon Crawl Stone Soup version 0.28-a0-998-gb9e9c7b67e (webtiles) character file.

Game seed: 7355672684687976790

2480 r3xj the Fighter (level 9, 0/77 (82) HPs)
             Began as a Minotaur Berserker on Dec 6, 2021.
             Was a Priest of Trog.
             Slain by Duvessa (3 damage)
             ... on level 7 of the Dungeon.
             The game lasted 00:12:32 (8418 turns).

r3xj the Fighter (Minotaur Berserker)               Turns: 8418, Time: 00:12:32

HP:   0/77 (82)     AC: 13    Str: 23    XL:     9   Next: 27%
MP:   0/8           EV: 11    Int:  4    God:    Trog [***...]
Gold: 287           SH:  0    Dex: 13    Spells: 8/8 levels left

rFire   . . .      SeeInvis .   y - +2 war axe (drain)
rCold   . . .      Faith    .   (no shield)
rNeg    . . .      Spirit   +   q - +0 chain mail
rPois   .          Reflect  .   (helmet restricted)
rElec   .          Harm     .   (no cloak)
rCorr   .          Rampage  .   i - +0 pair of gloves
Will    .....                   n - +0 pair of boots
Stlth   ..........              d - amulet of guardian spirit
HPRegen 0.22/turn               (no ring)
MPRegen 0.11/turn               (no ring)

@: drained
A: horns 2, retaliatory headbutt
a: Renounce Religion, Berserk, Trog's Hand


You were on level 7 of the Dungeon.
You worshipped Trog.
Trog was most pleased with you.
You visited 1 branch of the dungeon, and saw 7 of its levels.

You collected 287 gold pieces.

Inventory:

Hand Weapons
 a - a +0 hand axe
 u - a +0 spear of freezing
 y - a +2 war axe of draining (weapon)
Missiles
 g - 39 poisoned darts (quivered)
 l - a throwing net
Armour
 i - a +0 pair of gloves (worn)
 n - a +0 pair of boots (worn)
 q - a +0 chain mail (worn)
 v - a +0 buckler
 z - a +0 plate armour
Jewellery
 d - an amulet of guardian spirit (around neck)
Scrolls
 b - a scroll of blinking {unknown}
 c - 4 scrolls of teleportation {unknown}
 e - 2 scrolls of acquirement {unknown}
 f - 3 scrolls of amnesia {unknown}
 h - 3 scrolls of identify {unknown}
 j - 4 scrolls of immolation {unknown}
 t - a scroll of fog {unknown}
 w - a scroll of holy word {unknown}
 x - a scroll of fear {unknown}
Potions
 k - a potion of brilliance {unknown}
 m - a potion of heal wounds
 o - a potion of might
 p - 2 potions of flight {unknown}
 r - a potion of curing {unknown}
 s - 2 potions of berserk rage


   Skills:
 + Level 8.4 Fighting
 + Level 5.1(6.5) Axes
 - Level 6.3(7.2) Maces & Flails
 + Level 7.9 Armour
 + Level 7.2 Dodging


You had 8 spell levels left.
You didn't know any spells.
Your spell library was empty.

Dungeon Overview and Level Annotations

Branches:
Dungeon (7/15)
 Temple: D:4-7

Altars:
Dithmenos
Vehumet

Annotations:
D:3 1 runed translucent door, voltaire321's ghost, amateur OpTm
D:5 1 runed translucent door, ytrimaz's ghost, novice OpCj
D:7 Dowan; Duvessa


Innate Abilities, Weirdness & Mutations

You have a pair of horns on your head.
You reflexively headbutt those who attack you in melee.


Message History

Dowan points at you and mumbles some strange words.
You easily resist.
Duvessa hits you but does no damage.
You slash Duvessa!
Duvessa is moderately wounded.
Duvessa hits you with a +0 short sword!
* * * LOW HITPOINT WARNING * * *
A bullfrog skeleton comes into view.
Duvessa completely misses you. You furiously retaliate!
You headbutt Duvessa. You closely miss Duvessa.
Duvessa is moderately wounded.
Duvessa hits you with a +0 short sword.
* * * LOW HITPOINT WARNING * * *
Duvessa misses you.
You hit Duvessa. You headbutt Duvessa!
Duvessa is heavily wounded.
Duvessa hits you but does no damage. Duvessa closely misses you.
You hear a shout!
You hit Duvessa. You headbutt Duvessa, but do no damage.
Duvessa is severely wounded.
Duvessa hits you with a +0 short sword!
* * * LOW HITPOINT WARNING * * *
Duvessa hits you with a +0 short sword.
* * * LOW HITPOINT WARNING * * *
You barely miss Duvessa.
Duvessa is severely wounded.
Duvessa completely misses you.
You hit Duvessa. You drain Duvessa. You headbutt Duvessa.
Duvessa is almost dead.
Duvessa barely misses you. x2
You barely miss Duvessa.
Duvessa is almost dead.
Duvessa hits you with a +0 short sword.
* * * LOW HITPOINT WARNING * * *
Duvessa hits you with a +0 short sword.
* * * LOW HITPOINT WARNING * * *
Your chain mail prevents you from hitting Duvessa.
Your headbutt misses Duvessa.
Duvessa is almost dead.
Duvessa hits you with a +0 short sword.
You die...

#..♣..#.#......#..#
#.♣.♣.#.##..#..#..#
##♣.♣##.##.....####
#.♣.♣.#.##....... .
#♣.♣.♣# #....#....
#.♣.♣.# .....#.###
#♣.♣.♣# ####.[#.#
#.♣†♣.# ...#.#
#♣@♣.♣# ♣♣e♣♣
......eZ.=#
..♣♣♣♣♣.♣♣# .♣. ♣ ♣


You could see Duvessa (berserk, drained) and a bullfrog skeleton.

Vanquished Creatures
  Menkaure (D:6)
  4 water moccasins
  2 necrophages (D:4)
  An ice beast (D:6)
  An ogre (D:5)
  4 black bears
  An orc warrior (D:7)
  A sky beast (D:5)
  A centaur (D:5)
  A phantom (D:5)
  A gnoll sergeant (D:6)
  A scorpion (D:6)
  A wyvern skeleton (D:5)
  2 water moccasin skeletons
  A howler monkey (D:6)
  3 bullfrog zombies
  3 hounds
  A jelly (D:6)
  An orc priest (D:5)
  A gnoll shaman (D:5)
  An iguana (D:5)
  A scorpion zombie (D:5)
  Natasha (thrice) (D:4)
  4 gnolls (D:5)
  7 adders
  An ufetubus (D:6)
  An adder skeleton (D:4)
  3 worms
  9 orcs
  6 endoplasms
  2 giant cockroaches (D:1)
  3 goblins
  6 hobgoblins
  5 jackals
  3 quokkas (D:1)
  6 ball pythons
  10 bats
  4 frilled lizards
  5 kobolds
  6 rats
118 creatures vanquished.

Vanquished Creatures (others)
  2 plants (D:7)
2 creatures vanquished.

Grand Total: 120 creatures vanquished

Notes
Turn   | Place    | Note
-------+----------+-------------------------------------------
     0 | D:1      | r3xj the Minotaur Berserker began the quest for the Orb.
     0 | D:1      | Reached XP level 1. HP: 19/19 MP: 0/0
   237 | D:1      | Reached XP level 2. HP: 27/27 MP: 1/1
   242 | D:1      | Reached skill level 1 in Maces & Flails
   286 | D:1      | Reached skill level 4 in Fighting
   310 | D:1      | Found a faded altar of an unknown god.
   644 | D:1      | Reached XP level 3. HP: 31/33 MP: 2/2
   909 | D:2      | Reached ** piety under Trog
  1626 | D:2      | Reached XP level 4. HP: 36/40 MP: 3/3
  1673 | D:2      | Found a shadowy altar of Dithmenos.
  2109 | D:3      | Found a runed translucent door.
  2109 | D:3      | Noticed voltaire321's ghost (amateur OpTm)
  2539 | D:4      | Noticed Natasha
  2540 | D:4      | Noticed a necrophage
  2547 | D:4      | Killed Natasha
  2575 | D:4      | Killed a necrophage
  2576 | D:4      | Reached XP level 5. HP: 15/47 MP: 2/4
  2831 | D:4      | Noticed Natasha
  2840 | D:4      | Killed Natasha
  2841 | D:4      | Reached skill level 5 in Fighting
  3014 | D:4      | Noticed Natasha
  3026 | D:4      | Killed Natasha
  3139 | D:4      | Reached XP level 6. HP: 56/56 MP: 5/5
  3455 | D:4      | Reached *** piety under Trog
  3927 | D:5      | Entered Level 5 of the Dungeon
  4117 | D:5      | Reached skill level 5 in Armour
  4146 | D:5      | Reached XP level 7. HP: 53/62 MP: 3/6
  4512 | D:5      | Reached skill level 6 in Fighting
  4517 | D:5      | Reached skill level 5 in Dodging
  5001 | D:5      | Reached skill level 5 in Maces & Flails
  5208 | D:5      | Reached XP level 8. HP: 59/71 MP: 7/7
  5361 | D:5      | Found a runed translucent door.
  5361 | D:5      | Noticed ytrimaz's ghost (novice OpCj)
  5635 | D:5      | Found a radiant altar of Vehumet.
  6160 | D:6      | Reached skill level 7 in Fighting
  7838 | D:6      | Reached skill level 8 in Fighting
  7838 | D:6      | Reached XP level 9. HP: 78/81 MP: 8/8
  7903 | D:6      | Noticed Menkaure
  7916 | D:6      | Killed Menkaure
  8402 | D:7      | Reached skill level 5 in Axes
  8404 | D:7      | Noticed Duvessa
  8405 | D:7      | Noticed Dowan
  8417 | D:7      | HP: 3/77 [Duvessa (3)]
  8418 | D:7      | Slain by Duvessa

Illustrated notes

Levels and vault maps discovered:
D:1:      lemuel_arrival_funnel, layout_rooms,
          shapermc_ecumenical_altar_totnotflames, st_stairs_3,
          kennysheep_another_room
D:2:      layout_rooms, basic_altar, minmay_misc_feat_room
D:3:      layout_loops_ring, gammafunk_ghost_grave
D:4:      layout_basic, cheibrodos_sewer_entry_bend, uniq_natasha
D:5:      layout_layer_cave, kennysheep_mini_moat, gammafunk_ghost_grave
D:6:      layout_loops_corners, kennysheep_pointless_box,
          minmay_fractal_squares_5, uniq_menkaure
D:7:      nzn_winding_woodlands_large [nzn_winding_woodlands_5x5_closed_star,
          nzn_winding_woodlands_5x15_lazy_stream,
          nzn_winding_woodlands_5x5_open_star,
          nzn_winding_woodlands_center_triple_pond,
          nzn_winding_woodlands_15x15_eel_pit,
          nzn_winding_woodlands_center_pierced_h,
          nzn_winding_woodlands_5x5_cross,
          nzn_winding_woodlands_5x15_split_checker,
          nzn_winding_woodlands_hourglass], layout_basic,
          minmay_temple_entry_trees, kennysheep_generic_room_8, uniq_duvessa,
          uniq_harold

Skill      XL: |  1  2  3  4  5  6  7  8  9 |
---------------+----------------------------+-----
Maces & Flails | 1 2 3 4 5 6 |  6.3
Fighting       | 4 5 6 8 |  8.4
Armour         | 3 4 5 6 7 |  7.9
Dodging        | 3 4 5 6 7 |  7.2
Axes           | 4 5 |  5.1

Action                   |  1- 3 |  4- 6 |  7- 9 || total
-------------------------+-------+-------+-------++-------
Melee: Hand axe          |    88 |    89 |   233 ||   410
       Headbutt          |    11 |    21 |    58 ||    90
       War axe           |       |       |    12 ||    12
 Stab: Sleeping          |     2 |     1 |       ||     3
Armor: Animal skin       |    12 |     1 |       ||    13
       Ring mail         |       |    23 |       ||    23
       Chain mail        |       |    14 |   162 ||   176
Dodge: Dodged            |    71 |    43 |   125 ||   239

Table legend: (Time is in decaauts)
 A = Elapsed time spent in this place.
 B = Non-inter-level travel time spent in this place.
 C = Inter-level travel time spent in this place.
 D = Time resting spent in this place.
 E = Time spent auto-exploring this place.
 F = Levels seen in this place.
 G = Mean time per level.
                   A        B        C        D        E       F      G
               +--------+--------+--------+--------+--------+-----+--------+
         Total |   8458 |   7949 |    509 |    807 |   5981 |   7 | 1208.3 |
       Dungeon |   8458 |   7949 |    509 |    807 |   5981 |   7 | 1208.3 |
               +--------+--------+--------+--------+--------+-----+--------+

Top non-repeatable levels by time:
     D:5: 2648 daAuts
     D:4: 1578 daAuts
     D:6: 1524 daAuts
     D:1: 886 daAuts
     D:2: 831 daAuts
     D:3: 721 daAuts
     D:7: 267 daAuts
